 Dungeon Crawl Stone Soup version 0.31.0-32-g396128a36d (webtiles) character file.

Game seed: 6040525468794862240

83413 James the Unseen (level 15, -7/73 HPs)
             Began as a Spriggan Enchanter on Mar 11, 2024.
             Was a Follower of Uskayaw.
             Mangled by a death scarab (25 damage)
             ... in a Gauntlet on Mar 13, 2024.
             The game lasted 02:15:30 (35074 turns).

James the Unseen (Spriggan Enchanter)              Turns: 35074, Time: 02:15:31

Health: -7/73      AC:  6    Str:  6    XL:     15   Next: 32%
Magic:  28/28      EV: 35    Int: 21    God:    Uskayaw [*.....]
Gold:   614        SH: 12    Dex: 29    Spells: 16/30 levels left

rFire   + . .        b - +1 dagger (holy)
rCold   + . .        L - +0 buckler
rNeg    + . .        K - +1 steam dragon scales
rPois   +            J - -2 hat of the Alchemist {rElec rPois rF+ rC+ rN+ Will+ rMut rCorr}
rElec   +            g - +1 cloak
rCorr   +            (gloves unavailable)
SInv    +            (boots unavailable)
Will    +++..        V - amulet of reflection
Stlth   +++++++      e - +6 ring of dexterity
HPRegen 0.32/turn    m - +6 ring of dexterity
MPRegen 0.21/turn

%: no teleportation, reflection, resist mutation
@: slowed, quick
A: very small, no large weapons, unfitting armour, see invisible, speed 3
a: Renounce Religion, Stomp


You were in a Gauntlet.
You worshipped Uskayaw.
Uskayaw was aware of your devotion.
You visited 4 branches of the dungeon, and saw 22 of its levels.
You also visited: Ossuary, Gauntlet and Ice Cave.

You collected 2190 gold pieces.
You spent 1576 gold pieces at shops.

Inventory:

Hand Weapons
 a - a +2 rapier of venom
   (You bought it in a shop on level 9 of the Dungeon)
 b - a +1 dagger of holy wrath (weapon)
   (You took it off a kobold on level 6 of the Dungeon)
 E - a +2 dagger of protection
   (You took it off an orc on level 9 of the Dungeon)
 N - a +1 scimitar of flaming
   (You took it off Azrael on level 2 of the Orcish Mines)
Missiles
 l - 2 throwing nets {!f}
 s - 18 boomerangs (quivered)
 w - 4 atropa-tipped darts
 F - 6 curare-tipped darts {!f}
Armour
 g - a +1 cloak (worn)
   (You bought it in a shop on level 9 of the Dungeon)
 J - the -2 hat of the Alchemist (worn) {rElec rPois rF+ rC+ rN+ Will+ rMut rCorr}
   (You bought it in a shop on level 9 of the Dungeon)

   rF+:       It protects you from fire.
   rC+:       It protects you from cold.
   rElec:     It insulates you from electricity.
   rPois:     It protects you from poison rN+: It protects you from negative
   energy.
   Will+:     It increases your willpower.
   rCorr:     It protects you from acid and corrosion.
   rMut:      It protects you from mutation.
 K - +1 steam dragon scales (worn)
   (You found it on level 7 of the Dungeon)
 L - a +0 buckler (worn)
   (You found it on level 12 of the Dungeon)
 T - a +2 robe of cold resistance
   (You took it off Psyche on level 9 of the Dungeon)
Jewellery
 e - a +6 ring of dexterity (left hand)
   (You found it on level 5 of the Dungeon)
 m - a +6 ring of dexterity (right hand)
   (You found it on level 11 of the Dungeon)
 V - an amulet of reflection (around neck)
   (You bought it in a shop on level 2 of the Orcish Mines)
 Y - a ring of positive energy
   (You found it on level 11 of the Dungeon)
Wands
 d - a wand of iceblast (18)
   (You found it on level 4 of the Dungeon)
 u - a wand of polymorph (5)
   (You found it on level 1 of the Lair of Beasts)
 v - a wand of digging (3)
   (You found it in an ice cave)
 x - a wand of acid (8)
   (You found it on level 6 of the Dungeon)
 D - a wand of charming (8)
   (You found it on level 3 of the Dungeon)
 G - a wand of mindburst (2)
   (You found it on level 4 of the Lair of Beasts)
Scrolls
 f - 12 scrolls of teleportation {@r4}
 k - a scroll of fear
 y - 5 scrolls of fog
 I - a scroll of blinking
 M - 2 scrolls of identify {@r1}
 O - a scroll of silence
 P - 4 scrolls of revelation
 S - 3 scrolls of immolation {!r}
 W - 3 scrolls of vulnerability {!r}
 X - 2 scrolls of enchant weapon
Potions
 c - 7 potions of invisibility
 i - a potion of ambrosia
 j - 9 potions of lignification {!q}
 n - 4 potions of heal wounds {@q2}
 q - 2 potions of haste {@q3}
 z - a potion of berserk rage
 A - 3 potions of enlightenment
 C - 2 potions of might
 H - 2 potions of resistance
 Q - 2 potions of magic
 U - 3 potions of curing {@q1}
Miscellaneous
 Z - a phantom mirror
   (You found it on level 11 of the Dungeon)


   Skills:
 + Level 6.2 Fighting
 - Level 14.0 Short Blades
 + Level 3.2 Armour
 + Level 14.4 Dodging
 * Level 17.3 Stealth
 + Level 6.1 Shields
 + Level 8.3 Spellcasting
 * Level 12.3 Hexes
 + Level 3.0 Translocations
 - Level 2.0 Ice Magic
 + Level 9.6 Invocations


You had 16 spell levels left.
You knew the following spells:

 Your Spells              Type           Power      Damage    Failure   Level
a - Confusing Touch       Hex            57%        N/A       1%          3
b - Dazzling Flash        Conj/Hex       68%        N/A       3%          3
c - Blink                 Tloc           42%        N/A       5%          2
d - Tukima's Dance        Hex            57%        N/A       1%          3
e - Apportation           Tloc           42%        N/A       3%          1
x - Ensorcelled Hibernat  Hex/Ice        76%        N/A       1%          2

Your spell library contained the following spells:

 Spells                   Type           Power      Damage    Failure   Level
 Sigil of Binding         Hex            57%        N/A       1%          3
 Dimensional Bullseye     Hex/Tloc       20%        N/A       4%          4
 Freeze                   Ice            68%        1d8       5%          1
 Anguish                  Hex/Necr       17%        N/A       10%         4
 Magic Dart               Conj           32%        1d4       12%         1
 Necrotise                Necr           32%        1d5       12%         1
 Shock                    Conj/Air       32%        1d5       12%         1
 Sting                    Conj/Alch      32%        1d5       12%         1
 Summon Small Mammal      Summ           32%        N/A       12%         1
 Frozen Ramparts          Ice            34%        1d6       16%         3
 Call Imp                 Summ           16%        N/A       19%         2
 Scorch                   Fire           16%        2d5       19%         2
 Metabolic Englaciation   Hex/Ice        19%        N/A       19%         5
 Hailstorm                Conj/Ice       12%        3d6       24%         3
 Summon Ice Beast         Ice/Summ       12%        N/A       24%         3
 Manifold Assault         Tloc           21%        N/A       34%         4
 Call Canine Familiar     Summ           8%         N/A       36%         3
 Fugue of the Fallen      Necr           8%         N/A       36%         3
 Animate Dead             Necr           8%         N/A       77%         4
 Flame Wave               Conj/Fire      8%         2d5       77%         4
 Leda's Liquefaction      Alch/Erth      4%         N/A       77%         4
 Petrify                  Alch/Erth      8%         N/A       77%         4
 Borgnjor's Vile Clutch   Necr/Erth      4%         N/A       98%         5
 Dispersal                Tloc           10%        N/A       99%         6
 Death Channel            Necr           4%         N/A       100%        6
 Sculpt Simulacrum        Ice/Alch       6%         N/A       100%        6
 Summon Cactus Giant      Summ           4%         N/A       100%        6
 Disjunction              Tloc           10%        N/A       100%        8


Dungeon Overview and Level Annotations

Branches:
Dungeon (14/15)            Temple (1/1) D:7            Lair (5/5) D:9
  Swamp (0/4) Lair:2       Spider (0/4) Lair:2        Slime (0/5) Lair:4
    Orc (2/2) D:9             Elf (0/3) Orc:2       Ossuary (visited)
  IceCv (visited)         Gauntlet (1/1)
 Vaults: D:13-14

Altars:
Ashenzari
Cheibriados
Dithmenos
Elyvilon
Fedhas
Gozag
Hepliaklqana
Kikubaaqudgha
Makhleb
Nemelex Xobeh
Okawaru
Qazlal
Ru
Sif Muna
Trog
Uskayaw
Vehumet
Wu Jian
Xom
Yredelemnul
Zin
The Shining One
Jiyva

Shops:
D:6 (   D:9 [*   Orc:2 *!(=

Portals:
Trove: D:11 (give +2 gold dragon scales)

Annotations:
D:11 1 runed translucent door, Quickbrownfox's ghost, journeyman OpSh
D:12 exclusion: two-headed ogre, Frances
Lair:5 2 transporters, kalagan's ghost, journeyman DECj Gauntlet 11 transporters, exclusion: ice statue


Innate Abilities, Weirdness & Mutations

You are very small and have problems with some larger weapons.
You are too small for most types of armour.
You have supernaturally acute eyesight. (SInv)
You cover ground extremely quickly. (Speed+++)


Message History

You hit the death scarab.
The death scarab convulses.
The death scarab misses you.
You can now pass through a line of other dancers.
You hit the death scarab but do no damage.
You block the death scarab's attack. You block the death scarab's attack.
You miss the death scarab. The death scarab bites you!
The death scarab draws strength from your injuries!
You completely miss the death scarab. The death scarab bites you!
The death scarab drains your vigour!
You feel yourself slow down.
The death scarab draws strength from your injuries!
You can no longer pass through a line of other dancers.
The death scarab misses you.
You hit the death scarab but do no damage.
The death scarab completely misses you.
Press: ? - help, Shift-Dir - straight line, f - death scarab
Aim: a death scarab (57% to hit)
The bolt of acid hits the death scarab!
The acid corrodes the death scarab!
You block the death scarab's attack.
Press: ? - help, Shift-Dir - straight line, f/p - death scarab
Aim: a death scarab (moderately damaged, covered in acid)
The mass of ice explodes!
The iceblast engulfs the death scarab!
The death scarab completely misses you. x2
You can now pass through a line of other dancers.
You closely miss the death scarab. You block the death scarab's attack.
Press: ? - help, Shift-Dir - straight line, f/p - death scarab
Aim: a death scarab (severely damaged, covered in acid, 57% to hit)
The bolt of acid misses the death scarab.
The death scarab completely misses you.
You hit the death scarab but do no damage.
You feel yourself speed up.
The death scarab is no longer covered in acid.
You block the death scarab's attack.
You miss the death scarab. The death scarab misses you.
You can no longer pass through a line of other dancers.
You hit the death scarab but do no damage.
You block the death scarab's attack.
Press: ? - help, Shift-Dir - straight line, f/p - death scarab
Aim: a death scarab (severely damaged, chance to affect: 29%)
The death scarab easily resists.
The death scarab bites you!!
* * * LOW HITPOINT WARNING * * *
The death scarab drains your vigour!
You feel yourself slow down.
The death scarab draws strength from your injuries!
Press: ? - help, Shift-Dir - straight line, f/p - death scarab
Aim: a death scarab (moderately damaged, 57% to hit)
The bolt of acid hits the death scarab!
The death scarab completely misses you. You block the death scarab's attack.
The death scarab bites you!!
You die...

######..#.......#..#...
##≈#≈#≈..#########..####
##......∩................
#≈.∩.....................
##..###########..########
#§..#......#.?#..#.......
##§.#.....#...#..#.#.....
#§§.##...B#...#..#..##.##
##..#.##@#....####..##.##
#≈.©#...###..©#©©#..#.©.#
##..#....#.##=####..##.##
#≈..#...#....##..#..##.##
##..#...#.....#..#D#.....
#§§.#..#......#..#D.hhh..
##§.###########..########
#≈.......................
##........§.§§§.§§.......


You could see a death scarab.

Vanquished Creatures
  An orc warlord (Orc:2)
  Azrael (Orc:2)
  5 hydras
  A ghost crab (Lair:2)
  3 centaur warriors (D:13)
  3 two-headed ogres
  2 death yaks (Lair:4)
  4 boulder beetles
  5 orc high priests
  Sonja (D:12)
  A skyshark (Lair:4)
  2 arcanists (D:13)
  5 orc knights
  A deep elf pyromancer (D:12)
  7 orc sorcerers
  4 cyclopes
  A manticore (D:11)
  An ugly thing (IceCv)
  6 kobold blastminers
  10 elephants
  4 molten gargoyles (D:13)
  2 torpor snails (Lair:4)
  14 cane toads
  2 gargoyles
  A kobold demonologist (D:10)
  5 rime drakes
  7 komodo dragons
  A freezing wraith (D:12)
  Psyche (D:9)
  A spectral skyshark (Lair:2)
  9 trolls
  9 hornets
  5 polar bears (Lair:5)
  26 blink frogs
  Grinder (D:6)
  A spectral black mamba (Gauntlet)
  5 slime creatures
  3 shadows
  A vampire (D:12)
  14 spriggans (Lair:5)
  39 yaks
  6 wyverns
  8 basilisks
  A fire elemental (Orc:2)
  4 wraiths
  6 wargs
  Menkaure (D:4)
  2 steam dragons
  21 vampire mosquitoes
  A death yak simulacrum (IceCv)
  3 acid dragons
  3 hell hounds (Orc:2)
  14 water moccasins
  A sky beast (D:7)
  46 orc warriors
  2 swamp drakes (Lair:2)
  11 ice beasts
  5 black bears
  32 wolves
  3 boggarts (Lair:5)
  9 ogres
  4 centaurs
  A phantom (D:4)
  12 bullfrogs
  A weeping skull (Ossuary)
  4 kobold brigands
  10 scorpions
  A spectral wyvern (Lair:2)
  A wight (D:6)
  A killer bee (D:6)
  An elephant simulacrum (IceCv)
  6 howler monkeys
  2 bombardier beetles
  A lava snake (D:13)
  2 jellies
  4 hounds
  A gnoll bouda (D:6)
  36 orc priests
  3 sleepcaps
  7 iguanas
  17 orc wizards
  2 hell rats
  A polar bear simulacrum (IceCv)
  A wolf simulacrum (IceCv)
  3 mummies (Ossuary)
  13 adders
  5 gnolls
  11 river rats (Lair:1)
  A shadow imp (D:6)
  14 white imps
  3 dart slugs
  3 ribbon worms (Lair:2)
  86 orcs
  8 ball pythons
  15 bats
  11 endoplasms
  6 giant cockroaches
  8 goblins
  3 hobgoblins
  3 jackals (D:1)
  20 kobolds
  3 quokkas
  3 frilled lizards
  A gnoll skeleton (Ossuary)
  5 gnoll zombies (Ossuary)
  2 goblin skeletons (Ossuary)
  6 goblin zombies (Ossuary)
  8 hobgoblin skeletons (Ossuary)
  4 hobgoblin zombies (Ossuary)
  5 kobold skeletons (Ossuary)
  2 kobold zombies (Ossuary)
  3 orc skeletons (Ossuary)
  5 orc zombies (Ossuary)
  9 rats
  6 rat skeletons (Ossuary)
  3 rat zombies (Ossuary)
791 creatures vanquished.

Vanquished Creatures (others)
  A polar bear (D:9)
  A howler monkey (D:11)
2 creatures vanquished.

Grand Total: 793 creatures vanquished

Notes
Turn   | Place    | Note
-------+----------+-------------------------------------------
     0 | D:1      | James the Spriggan Enchanter began the quest for the Orb.
     0 | D:1      | Reached XP level 1. HP: 9/9 MP: 5/5
   321 | D:1      | Reached XP level 2. HP: 14/14 MP: 6/6
   325 | D:1      | Learned a level 2 spell: Ensorcelled Hibernation
   970 | D:1      | Reached XP level 3. HP: 17/17 MP: 8/8
  1096 | D:1      | Learned a level 3 spell: Confusing Touch
  1287 | D:2      | Identified the +0 pair of gloves of Hoyll {rElec Will+}
  1309 | D:2      | Reached skill level 1 in Fighting
  1309 | D:2      | Reached skill level 5 in Stealth
  1578 | D:2      | Reached XP level 4. HP: 19/22 MP: 4/9
  2023 | D:3      | Learned a level 3 spell: Tukima's Dance
  2236 | D:3      | Reached XP level 5. HP: 25/25 MP: 9/11
  3042 | D:4      | Found a white marble altar of Elyvilon.
  3175 | D:4      | Reached XP level 6. HP: 30/30 MP: 12/12
  3178 | D:4      | Reached skill level 6 in Stealth
  3338 | D:4      | Reached skill level 5 in Hexes
  3338 | D:4      | Reached skill level 1 in Ice Magic
  3376 | D:4      | Noticed Menkaure
  3560 | D:4      | Reached XP level 7. HP: 25/34 MP: 11/14
  4154 | D:5      | Entered Level 5 of the Dungeon
  4158 | D:5      | Reached skill level 5 in Short Blades
  4210 | D:5      | Found a sand-covered staircase.
  4222 | Ossuary  | Entered an ossuary
  5226 | D:5      | Found a bloodstained altar of Trog.
  5417 | D:5      | Reached skill level 7 in Stealth
  5709 | D:6      | Found Cuuthuse's Antique Weapon Emporium.
  5955 | D:5      | Reached XP level 8. HP: 39/39 MP: 11/16
  6207 | D:6      | Reached skill level 5 in Dodging
  6207 | D:6      | Reached skill level 5 in Spellcasting
  6462 | D:6      | Noticed Grinder
  6890 | D:6      | Reached skill level 8 in Stealth
  7389 | D:6      | Killed Grinder
  7390 | D:6      | Reached XP level 9. HP: 43/43 MP: 14/18
  8121 | D:7      | Found a burning altar of Makhleb.
  8267 | D:7      | Found a staircase to the Ecumenical Temple.
  8276 | Temple   | Entered the Ecumenical Temple
  8286 | Temple   | Became a worshipper of Uskayaw the Reveller
  8359 | D:7      | Reached * piety under Uskayaw
  8401 | D:7      | Reached ** piety under Uskayaw
  8478 | D:7      | Reached skill level 9 in Stealth
  8756 | D:7      | Reached skill level 1 in Invocations
  8761 | D:7      | Reached *** piety under Uskayaw
  9169 | D:7      | Found an ornate altar of the Wu Jian Council.
 10160 | D:9      | Found Bujinukk's Assorted Antiques.
 10168 | D:9      | Bought a scroll labelled PALOUN BELIP for 31 gold pieces
 10168 | D:9      | Bought a dark potion for 27 gold pieces
 10262 | D:9      | Found a staircase to the Orcish Mines.
 10263 | D:9      | Found Danti's Armour Boutique.
 10286 | D:9      | Reached XP level 10. HP: 46/49 MP: 15/21
 10407 | D:9      | Noticed Psyche
 10414 | D:9      | Killed Psyche
 10917 | D:10     | Entered Level 10 of the Dungeon
 10984 | D:10     | Reached skill level 10 in Stealth
 10984 | D:10     | Reached **** piety under Uskayaw
 11855 | D:11     | Found a runed translucent door.
 11857 | D:11     | Noticed Quickbrownfox's ghost (journeyman OpSh)
 11998 | D:11     | Found a portal to a secret trove of treasure.
 12053 | D:11     | Noticed a manticore
 12060 | D:11     | Killed a manticore
 12306 | D:11     | Reached skill level 10 in Short Blades
 12373 | D:11     | Reached skill level 11 in Stealth
 12504 | D:11     | Reached XP level 11. HP: 52/53 MP: 22/22
 12518 | D:11     | You fall into a shaft and drop 1 floor!
 12918 | D:9      | Bought the -2 hat of the Alchemist {rElec rPois rF+ rC+ rN+
                  | Will+ rMut rCorr} for 613 gold pieces
 12918 | D:9      | Found the -2 hat of the Alchemist {rElec rPois rF+ rC+ rN+
                  | Will+ rMut rCorr}
 13038 | D:4      | Killed Menkaure
 13675 | D:9      | Reached skill level 10 in Hexes
 13797 | D:9      | Found a staircase to the Lair.
 13849 | D:9      | Found a staircase to the Lair.
 14033 | D:9      | Found Danti's Armour Boutique.
 14035 | D:9      | Found a staircase to the Orcish Mines.
 14303 | D:9      | Found Bujinukk's Assorted Antiques.
 14585 | Lair:1   | Entered Level 1 of the Lair of Beasts
 14585 | Lair:1   | Found a frozen archway.
 14597 | D:9      | Learned a level 3 spell: Dazzling Flash
 14693 | Lair:1   | Reached skill level 1 in Shields
 14762 | IceCv    | Entered an ice cave
 14770 | IceCv    | Reached skill level 12 in Stealth
 14770 | IceCv    | Reached skill level 5 in Invocations
 14805 | IceCv    | Noticed a white ugly thing
 14842 | IceCv    | Killed a white ugly thing
 15168 | IceCv    | Noticed a white ugly thing
 15907 | Lair:1   | Reached skill level 10 in Dodging
 15982 | D:9      | Bought a +1 cloak for 149 gold pieces
 16592 | Lair:1   | Reached skill level 1 in Armour
 17502 | Lair:2   | Reached XP level 12. HP: 58/58 MP: 13/23
 17510 | Lair:2   | Reached ***** piety under Uskayaw
 17709 | Lair:2   | Noticed a four-headed hydra
 17716 | Lair:2   | Noticed a six-headed hydra
 17719 | Lair:2   | Killed a four-headed hydra
 17723 | Lair:2   | Killed a six-headed hydra
 18472 | Lair:2   | Found a staircase to the Swamp.
 18472 | Lair:2   | Noticed a ghost crab
 18480 | Lair:2   | Killed a ghost crab
 18481 | Lair:2   | Reached skill level 13 in Stealth
 18639 | Lair:2   | Reached skill level 5 in Fighting
 18657 | Lair:2   | Found a hole to the Spider Nest.
 18856 | Lair:2   | Noticed a boulder beetle
 18863 | Lair:2   | Killed a boulder beetle
 19146 | Lair:2   | Reached skill level 5 in Shields
 20604 | Lair:4   | Reached XP level 13. HP: 63/63 MP: 22/25
 20970 | Lair:4   | Found a viscous altar of Jiyva.
 20971 | Lair:4   | Found a staircase to the Slime Pits.
 21017 | Lair:4   | Reached skill level 14 in Stealth
 21553 | Lair:4   | Learned a level 2 spell: Blink
 21943 | Lair:4   | Reached skill level 1 in Translocations
 22553 | Lair:5   | Entered Level 5 of the Lair of Beasts
 23610 | Lair:5   | Reached ****** piety under Uskayaw
 23790 | Lair:5   | Reached skill level 15 in Stealth
 24202 | Lair:5   | Noticed kalagan's ghost (journeyman DECj)
 24214 | Lair:5   | Found a transporter.
 24270 | Lair:5   | Reached XP level 14. HP: 69/69 MP: 23/27
 24432 | Lair:5   | Identified the +1 ring mail "Vig Daid" {*Slow rC+ Slay+3}
 25043 | Lair:5   | Found a transporter.
 25082 | Lair:5   | Found a bloodstained altar of Trog.
 25543 | D:9      | Bought a runed rapier for 217 gold pieces
 25885 | D:12     | Noticed Frances
 26111 | D:12     | Noticed Sonja
 26115 | D:12     | Killed Sonja
 27330 | Orc:1    | Entered Level 1 of the Orcish Mines
 28117 | Orc:1    | Found a shimmering blue altar of Sif Muna.
 28550 | Orc:1    | Learned a level 1 spell: Apportation
 28553 | Orc:1    | Got Sif Muna's Volume of Ouranomancy
 28601 | Orc:2    | Entered Level 2 of the Orcish Mines
 29295 | Orc:2    | Found Plog's Jewellery Boutique.
 29511 | Orc:2    | Reached skill level 16 in Stealth
 29573 | Orc:2    | Found Tamnathra's Weapon Shop.
 30293 | Orc:2    | Noticed Azrael
 30301 | Orc:2    | Killed Azrael
 30644 | Orc:2    | Found a staircase to the Elven Halls.
 30760 | Orc:2    | Identified the +5 lajatang "Moelol" {vamp, *Rage Will+++
                  | Int+3 SInv}
 31302 | Orc:2    | Found Uhemuche's Assorted Antiques.
 31325 | Orc:2    | Reached XP level 15. HP: 42/73 MP: 15/28
 31337 | Orc:2    | Bought a scroll labelled DISHUGERUA for 29 gold pieces
 32302 | Orc:2    | Found Ryaneh's Distillery.
 32313 | Orc:2    | Reached skill level 17 in Stealth
 33050 | Orc:2    | Bought an amulet of reflection for 510 gold pieces
 33844 | D:13     | Identified the maw talisman of Analysis {MP+9 Int-3 Dex+2}
 34835 | D:14     | Found a gate leading to a gauntlet.
 34877 | Gauntlet | Entered a Gauntlet
 34877 | Gauntlet | Found a transporter.
 34877 | Gauntlet | Found a transporter.
 34877 | Gauntlet | Found a transporter.
 34890 | Gauntlet | Found a transporter.
 34890 | Gauntlet | Found a transporter.
 34898 | Gauntlet | Found a transporter.
 34901 | Gauntlet | Found a transporter.
 34912 | Gauntlet | Found a transporter.
 34927 | Gauntlet | Found a transporter.
 34944 | Gauntlet | Found a transporter.
 34947 | Gauntlet | Found a transporter.
 34957 | Gauntlet | Found a transporter.
 35074 | Gauntlet | Mangled by a death scarab

Illustrated notes

Levels and vault maps discovered:
D:1:      minmay_arrival_semitransparent, layout_loops_corners
D:2:      minmay_angry_zag, layout_loops_ring, minmay_misc_feat_pillars,
          wad_floor_pattern_1, serial_bayou_lagoon_a
D:3:      minmay_skewed_foursquare, layout_loops_ring, serial_glass,
          glass_columns_a, glass_columns_a, glass_columns_a, glass_columns_a,
          glass_columns_a, glass_columns_b, glass_columns_a, glass_columns_a,
          minivault_5
D:4:      old_forge, layout_loops_cross, elyvilon_altar_5, uniq_menkaure
D:5:      layout_loops_ring, trog_three_pillars_becter,
          mainiacjoe_ossuary_entry_dusty_tomb
D:6:      hangedman_cross_stitches, layout_basic, serial_shops, shop,
          uniq_grinder
D:7:      layout_loops_ring, minitemple, minmay_temple_entry_arrows,
          amcnicky_mini_rare_corridor_liquid
D:8:      layout_cave_pods
D:9:      layout_roguey, hellmonk_lair_entry_icy, orc_david_3, serial_shops,
          shop, uniq_psyche
D:10:     layout_roguey
D:11:     layout_irregular_city, nicolae_trove_entry_free_sample,
          hellmonk_ghost_happy_afterlife
D:12:     layout_layer_cave, serial_co_window_serial, co_window_paths_a,
          co_window_of_opportunity_a, co_window_corner_a, co_window_corner_a,
          co_window_paths_a, co_window_broadway_a, co_window_broadway_b,
          co_window_2corner, co_window_corner_b, co_window_2corner,
          co_window_unsneaky_path_b, glass_columns_c, glass_columns_c,
          glass_columns_b, uniq_frances, uniq_snorg, uniq_sonja
D:13:     kennysheep_blocky_hall, layout_layer_cave, minivault_16, minivault_8
D:14:     layout_cave_pools, ximxim_vaults_locker_room, gauntlet_entry_generic,
          chequers_jeans
Temple:   mainiacjoe_temple_bowtie_tessellation
Lair:1:   layout_cave_pods, portal_ice_cave_entry_imps, kennysheep_rathole,
          serial_bayou_shore_b
Lair:2:   layout_cave_pods, nicolae_swamp_entry_spooky,
          nicolae_spider_entry_non_spiders, serial_bayou, serial_bayou_lake_a,
          serial_bayou_pond_e, serial_bayou_crossing, serial_bayou_shore_a,
          eino_small_chamber_without_monster, st_stairs_9, pond,
          infiniplex_staircase_pool_2
Lair:3:   layout_regular_city, dreamdust_mushroom_princess, st_stairs_12,
          chequers_serial_rivers_room_a, minmay_hedge_maze, fungi_pond_lemuel
Lair:4:   layout_cave_pods, slime_entry_1
Lair:5:   minmay_lair_end_enchanted_forest, layout_hall_layers,
          gammafunk_ghost_wrathful_warriors
Orc:1:    layout_diamond_mine, basic_altar, led_sif_book
Orc:2:    pubby_orc_utopia, uniq_azrael
Gauntlet: minmay_gauntlet_mixed_big_or_small [nicolae_gauntlet_swirl,
          minmay_gauntlet_arena_77_double_cross, nicolae_gauntlet_arena_blocks,
          minmay_gauntlet_arena_77_two_paths, nicolae_gauntlet_arena_x,
          minmay_gauntlet_arena_77_box, gauntlet_exit_hidden_loot]

Skill      XL: |  1  2  3  4  5  6  7  8  9 10 11 12 13 14 15 |
---------------+----------------------------------------------+-----
Dodging        | 3 4 5 7 8 10 11 12 14 | 14.4
Short Blades   | 2 3 4 5 7 8 10 11 12 14 | 14.0
Fighting       | 1 2 3 4 5 6 |  6.2
Stealth        | 5 6 7 8 9 11 12 13 15 16 17 | 17.3
Spellcasting   | 3 4 5 6 7 8 |  8.3
Hexes          | 4 5 6 7 8 9 10 11 12 | 12.3
Ice Magic      | 1 2 |  2.0
Invocations    | 1 3 5 6 7 9 |  9.6
Shields        | 4 5 6 |  6.1
Armour         | 3 |  3.2
Translocations | 3 |  3.0

Action                     |  1- 3 |  4- 6 |  7- 9 | 10-12 | 13-15 || total
---------------------------+-------+-------+-------+-------+-------++-------
  Melee: Dagger            |   126 |    84 |   325 |   658 |   318 ||  1511
         Short sword       |    10 |       |   161 |       |       ||   171
         Punch             |     3 |       |     8 |     3 |       ||    14
         Rapier            |       |       |       |       |   585 ||   585
         Spear             |       |       |       |       |    11 ||    11
   Cast: Ensorcelled Hiber |     3 |    12 |    87 |   146 |   270 ||   518
         Confusing Touch   |       |       |    21 |    32 |    24 ||    77
         Dazzling Flash    |       |       |       |    10 |    36 ||    46
         Blink             |       |       |       |       |     1 ||     1
         Apportation       |       |       |       |       |     5 ||     5
 Invoke: Line Pass         |       |       |       |       |     2 ||     2
  Evoke: Wand              |       |       |       |     5 |     5 ||    10
         Phantom mirror    |       |       |       |     1 |       ||     1
    Use: Scroll            |       |     6 |    10 |     4 |     9 ||    29
         Potion            |       |       |       |       |     2 ||     2
   Stab: Sleeping          |    15 |    24 |    66 |   106 |   175 ||   386
         Held in net/web   |       |     1 |       |       |       ||     1
         Confused          |       |       |    19 |    29 |    25 ||    73
         Paralysed         |       |       |       |    27 |    49 ||    76
         Distracted        |       |       |       |     4 |     5 ||     9
         Invisible         |       |       |       |    12 |    39 ||    51
 Armour: Robe              |    33 |    14 |    77 |       |       ||   124
         Steam dragon scal |       |       |    12 |   131 |   169 ||   312
  Dodge: Dodged            |   108 |    54 |   240 |   532 |   793 ||  1727
  Block: Buckler           |       |       |       |   125 |   279 ||   404
         Reflection        |       |       |       |       |     3 ||     3
